 Dungeon Crawl Stone Soup version 0.22.1-1-ga44c0e56f4 (webtiles) character file.

1122 AlolanVulpixel the Poker (level 8, -2/60 HPs)
             Began as a Demonspawn Chaos Knight on Oct 5, 2018.
             Was an Initiate of Gozag.
             Killed from afar by an orc wizard (8 damage)
             ... with a magic dart
             ... on level 6 of the Dungeon.
             The game lasted 00:10:48 (5699 turns).

AlolanVulpixel the Poker (Demonspawn Chaos Knight)  Turns: 5699, Time: 00:10:49

Health: -2/60      AC: 12    Str: 15    XL:     8   Next: 12%
Magic:  8/8        EV: 10    Int: 11    God:    Gozag
Gold:   212        SH:  0    Dex: 11    Spells: 7/7 levels left

rFire    . . .     SeeInvis +   a - +0 spear (chaos)
rCold    . . .     Gourm    .   (no shield)
rNeg     . . .     Faith    .   h - +3 scale mail
rPois    .         Spirit   .   (no helmet)
rElec    .         Reflect  .   (no cloak)
rCorr    .         Harm     .   (no gloves)
MR       .....                  (no boots)
Stlth    +.........             c - amulet of magic regeneration
HPRegen  0.20/turn              e - ring of see invisible
MPRegen  0.36/turn              p - ring of wizardry

@: gold aura
A: talons 1, slimy green scales 1, clumsy 1, demonic guardian 2, dopey 1,
screaming 1, rot immunity
a: Potion Petition, Call Merchant, Bribe Branch, Renounce Religion


You were on level 6 of the Dungeon.
You worshipped Gozag.
Gozag was aware of your devotion.
You were not hungry.

You visited 1 branch of the dungeon, and saw 6 of its levels.

You collected 263 gold pieces.
You paid 51 gold pieces to Gozag.

Inventory:

Hand Weapons
 a - a +0 spear of chaos (weapon)
 s - the +9 spear "Koigotoj" {holy, -Tele rPois rN+ MR+++}
   (You found it on level 6 of the Dungeon)

   It has been blessed by the Shining One to cause great damage to the undead
   and demons.
   It protects you from poison.
   It protects you from negative energy.
   It affects your resistance to hostile enchantments.
   It prevents most forms of teleportation.
Armour
 h - a +3 scale mail (worn)
Jewellery
 c - an amulet of magic regeneration (around neck)
 e - a ring of see invisible (left hand)
 l - an uncursed ring of fire
 p - a ring of wizardry (right hand)
Scrolls
 b - a scroll of teleportation {unknown}
 i - 2 scrolls of remove curse
 m - 2 scrolls of identify
 n - 4 scrolls of amnesia {unknown}
 o - a scroll of fog {unknown}
 q - a scroll of enchant weapon {unknown}
 r - a scroll of holy word {unknown}
Potions
 d - 4 potions of brilliance {unknown}
 f - a potion of magic {unknown}
 g - a potion of might {unknown}
 k - a potion of flight
Comestibles
 j - 3 rations


   Skills:
 + Level 4.3 Fighting
 + Level 5.6 Polearms
 + Level 4.9 Armour
 + Level 2.1 Dodging
 + Level 4.3 Stealth


You had 7 spell levels left.
You didn't know any spells.
Your spell library was empty.

Dungeon Overview and Level Annotations

Branches:
Dungeon (6/15)
 Temple: D:4-7

Altars:
Gozag
The Shining One

Shops:
D:6 *


Innate Abilities, Weirdness & Mutations

You have sharp toenails.
You are partially covered in slimy green scales. (AC +2)
A demonic guardian rushes to your aid.
You are immune to rotting.
You are clumsy. (Dex -2)
You are dopey. (Int -2)
You occasionally shout uncontrollably at your foes.


Message History

The orc wizard is no longer distracted by gold.
The orc barely misses you.
The orc wizard is distracted by the nearby gold.
The orc wizard shouts!
The orc wizard is no longer distracted by gold.
The orc hits you with a flail.
* * * LOW HITPOINT WARNING * * *
The orc wizard hits you but does no damage.
Your red devil hits the orc.
The orc wizard hits you but does no damage.
The orc barely misses you.
Your red devil hits the orc.
The orc wizard hits you but does no damage.
Your red devil hits the orc.
The orc dies!
The orc wizard hits you but does no damage.
The orc wizard casts a spell at you. The magic dart hits you!
You die... "Boring in life, boring in death..."
Your body crumbles into a pile of gold.

#.##.##........## #
####.##........<...#
#.#.....#.##.........#
$
#.#.....#####........#
#.......'...#.##.....#
#......###.#...###..#
#......# #.##..#∩'..#
#..o$..# #...#.###...
#..$@..# ###.#.#####.
#..$4$.# #.#.....#.
#......... #.#####.#.
#.....###.##.......#.
....#..# ######.#.#.
####.#..# #.#.#.
#...># #.#.## ######
#.#... #.####


You could see an orc wizard (invisible) and a friendly red devil.

Vanquished Creatures
  Grinder (D:3)
  A spatial vortex (D:4)
  An ogre (D:4)
  A bullfrog (D:6)
  2 scorpions
  A crimson imp (D:6)
  A centaur zombie (D:6)
  A hound (D:5)
  A jelly (D:5)
  2 orc wizards (D:4)
  An iguana (D:6)
  4 worker ants
  2 hound skeletons (D:5)
  Robin (D:1)
  A howler monkey skeleton (D:6)
  3 adders
  A river rat (D:4)
  An ooze (D:2)
  A worm (D:2)
  6 leopard geckos
  7 orcs
  4 giant cockroaches
  19 goblins
  8 hobgoblins
  5 kobolds
  A quokka (D:4)
  14 bats
  4 frilled lizards
  4 rats
  A fire vortex (D:5)
100 creatures vanquished.

Vanquished Creatures (collateral kills)
  A centaur (D:5)
  An ogre (D:4)
  A howler monkey (D:5)
  A crimson imp (D:5)
  A jelly (D:6)
  An orc wizard (D:5)
  An orc priest (D:6)
  2 adders
  An ooze (D:5)
  5 orcs
  A quokka skeleton (D:5)
16 creatures vanquished.

Vanquished Creatures (others)
  A fire vortex (D:5)
1 creature vanquished.

Grand Total: 117 creatures vanquished

Notes
Turn   | Place    | Note
-------+----------+-------------------------------------------
     0 | D:1      | AlolanVulpixel the Demonspawn Chaos Knight began the quest
                  | for the Orb.
     0 | D:1      | Reached XP level 1. HP: 18/18 MP: 1/1
    89 | D:1      | Reached skill level 3 in Polearms
    99 | D:1      | Gained mutation: You are immune to rotting. [demonic
                  | ancestry]
    99 | D:1      | Reached XP level 2. HP: 18/24 MP: 2/2
   152 | D:1      | Reached skill level 1 in Dodging
   156 | D:1      | Found a glowing golden altar of the Shining One.
   232 | D:1      | XOM: divination: magic mapping
   234 | D:1      | XOM: potion effect (invisibility)
   339 | D:1      | XOM: divination: magic mapping
   519 | D:1      | Gained mutation: You have sharp toenails. [demonic
                  | ancestry]
   519 | D:1      | Reached XP level 3. HP: 26/29 MP: 3/3
   632 | D:2      | Noticed Robin
   654 | D:1      | Killed Robin
   654 | D:1      | Reached skill level 1 in Stealth
   768 | D:1      | XOM: harmless Tmut miscast
  1529 | D:2      | XOM: silly message
  1650 | D:2      | Gained mutation: You are partially covered in slimy green
                  | scales. (AC +2) [demonic ancestry]
  1650 | D:2      | Reached XP level 4. HP: 30/35 MP: 4/4
  1784 | D:2      | XOM: divination: magic mapping
  1894 | D:2      | XOM: harmless Necr miscast
  1971 | D:2      | XOM: harmless Tloc miscast
  2237 | D:3      | Noticed Grinder
  2240 | D:3      | XOM: potion effect (agility)
  2246 | D:3      | Paralysed by Grinder for 4 turns
  2250 | D:3      | XOM: potion effect (brilliance)
  2255 | D:3      | Killed Grinder
  2255 | D:3      | Reached skill level 4 in Polearms
  2255 | D:3      | Reached XP level 5. HP: 10/42 MP: 5/5
  2255 | D:3      | Gained mutation: A weak demonic guardian rushes to your
                  | aid. [demonic ancestry]
  2255 | D:3      | Reached XP level 6. HP: 11/48 MP: 6/6
  2528 | D:3      | Found an opulent altar of Gozag.
  3011 | D:4      | XOM: harmless Ice miscast
  3331 | D:4      | XOM: potion effect (invisibility)
  3374 | D:4      | Gained mutation: A demonic guardian rushes to your aid.
                  | [demonic ancestry]
  3374 | D:4      | Reached XP level 7. HP: 49/53 MP: 7/7
  3524 | D:4      | XOM: noise
  3555 | D:4      | XOM: medium Summ miscast
  3556 | D:4      | Noticed a spatial vortex
  3570 | D:4      | Killed a spatial vortex
  4045 | D:4      | XOM: give mutations
  4045 | D:4      | Gained mutation: You occasionally shout uncontrollably at
                  | your foes. [Xom's mischief]
  4045 | D:4      | Gained mutation: You are dopey. (Int -2) [Xom's mischief]
  4045 | D:4      | Gained mutation: You are clumsy. (Dex -2) [Xom's mischief]
  4146 | D:4      | XOM: harmless Tloc miscast
  4287 | D:5      | Entered Level 5 of the Dungeon
  4318 | D:5      | XOM: fog
  4372 | D:5      | Reached skill level 5 in Polearms
  4450 | D:5      | XOM: medium Hex miscast
  4648 | D:5      | XOM: mild Fire miscast
  4941 | D:5      | XOM: divination: detect items
  4982 | D:5      | XOM: god gift: 46 gold pieces
  5031 | D:5      | XOM: god gift: 45 gold pieces
  5075 | D:6      | XOM: cloud trail
  5093 | D:6      | XOM: harmless Summ miscast
  5107 | D:6      | Found Wororaev's General Store.
  5231 | D:6      | XOM: enchant monster (good)
  5258 | D:6      | Reached XP level 8. HP: 59/60 MP: 8/8
  5308 | D:6      | Got a fine spear
  5309 | D:6      | Identified the +9 spear "Koigotoj" {holy, -Tele rPois rN+
                  | MR+++} (You found it on level 6 of the Dungeon)
  5310 | D:6      | Fell from the grace of Xom
  5407 | D:3      | Became a worshipper of Gozag Ym Sagoz the Greedy
  5686 | D:6      | XOM: polymorph ice devil -> red devil
  5699 | D:6      | Killed from afar by an orc wizard

Skill      XL: |  1  2  3  4  5  6  7 |
---------------+----------------------+-----
Polearms       | 3 4 5 |  5.6
Dodging        | 1 2 |  2.1
Stealth        | 1 2 3 4 |  4.3
Armour         | 2 3 4 |  4.9
Fighting       | 4 |  4.3

Action                   |  1- 3 |  4- 6 |  7- 9 || total
-------------------------+-------+-------+-------++-------
Melee: Spear             |   137 |   103 |   198 ||   438
       Kick              |    16 |    19 |    44 ||    79
Invok: Renounce Religion |       |       |     1 ||     1
  Use: Potion            |     1 |     2 |       ||     3
       Scroll            |       |     1 |     1 ||     2
 Stab: Invisible         |     3 |     4 |     2 ||     9
       Sleeping          |     2 |     2 |       ||     4
       Confused          |     1 |       |     2 ||     3
       Petrified         |    11 |       |       ||    11
       Paralysed         |     1 |     4 |       ||     5
       Distracted        |       |     1 |     2 ||     3
  Eat: Ration            |     1 |     2 |     2 ||     5
Armor: Leather armour    |    21 |       |       ||    21
       Ring mail         |    41 |     8 |       ||    49
       Scale mail        |       |    22 |   115 ||   137
Dodge: Dodged            |   118 |    55 |   101 ||   274
